 Dungeon Crawl Stone Soup version 0.29.1-2-gbd0b4ee654 (webtiles) character file.

Game seed: 8284280376588174452

7911 Avanven the Blocker (level 11, -4/135 HPs)
             Began as a Gnoll Fighter on Nov 16, 2022.
             Was a Follower of Ashenzari.
             Slain by a vampire (8 damage)
             ... on level 10 of the Dungeon.
             The game lasted 00:28:32 (8700 turns).

Avanven the Blocker (Gnoll Fighter)                 Turns: 8700, Time: 00:28:32

Health: -4/135     AC: 25    Str: 20    XL:     11   Next: 22%
Magic:  23/23      EV:  2    Int:  8    God:    Ashenzari [*.....]
Gold:   422        SH:  7    Dex: 11    Spells: 24/24 levels left

rFire   + . .      SeeInvis .   a - +1 war axe (protect)
rCold   . . .      Faith    .   c - +1 buckler of Ashenzari's Oracle {Alch, Self} (curse)
rNeg    . . .      Spirit   .   (body armour currently unavailable)
rPois   +          Reflect  .   (helmet currently unavailable)
rElec   .          Harm     .   (cloak currently unavailable)
rCorr   .          Rampage  .   (gloves currently unavailable)
Will    .....      NoTele   +   (boots currently unavailable)
Stlth   +++.......              (no amulet)
HPRegen 1.12/turn               m - ring of protection from fire
MPRegen 0.18/turn               (no ring)

@: tree-form, invisible
A: stationary, stasis, torment immunity, boosted hp, (fangs 1), strong nose,
distributed training, high MP 1, regeneration 1
a: Renounce Religion, Curse Item, Shatter the Chains


You were on level 10 of the Dungeon.
You worshipped Ashenzari.
Ashenzari was aware of your devotion.
You were a tree.
You visited 2 branches of the dungeon, and saw 11 of its levels.

You collected 637 gold pieces.
You spent 215 gold pieces at shops.

Inventory:

Hand Weapons
 a - a +1 war axe of protection (weapon)
 o - a +4 battleaxe
Armour
 c - the cursed +1 buckler of Ashenzari's Oracle (worn) {Alch, Self}

   It has a curse which improves the following skills: Alchemy: Poison Magic and
   Transmutations.
   Introspection: Fighting and Spellcasting.
 i - a +2 cloak of stealth (melded)
 l - the +1 ring mail of Myitt {rN++ Str+3}
   (You found it on level 3 of the Dungeon)

   Str:       It affects your strength (+3).
   rN:        It greatly protects you from negative energy.
 p - the +3 pair of mountain boots (melded) {steadfast, rC+}
   (You acquired it on level 4 of the Dungeon)

   It prevents involuntary movement, except for blinking, teleportation, or
   banishment.
   rC:        It protects you from cold.
 w - a +2 ring mail of poison resistance (melded)
 y - the cursed +0 hat "Ruined Heresy" (melded) {Elem, Self}
   (You found it on level 5 of the Dungeon)

   It has a curse which improves the following skills: Elements: Fire Magic, Ice
   Magic, Air Magic and Earth Magic.
   Introspection: Fighting and Spellcasting.
 F - a +0 plate armour
Jewellery
 m - a ring of protection from fire (left branch)
 t - the amulet of the Rose {Acrobat +Inv rPois Will- Regen+}
   (You found it on level 5 of the Dungeon)

   [amulet of the acrobat]

   It increases your evasion while moving and waiting.
   rPois:     It protects you from poison.
   +Inv:      It lets you turn invisible.
   Regen:     It increases your rate of health regeneration.
   Will:      It decreases your willpower.
 v - a +6 ring of strength
 z - a ring of positive energy
 E - a ring of protection from cold
Wands
 j - a wand of iceblast (3)
 k - a wand of polymorph (15)
 n - a wand of charming (24)
 q - a wand of flame (1)
 u - a wand of mindburst (35)
 C - a wand of light (4)
Scrolls
 d - 5 scrolls of teleportation
 e - a scroll of fog
 f - 6 scrolls of identify
 g - a scroll of amnesia
 r - a scroll of poison
 B - 2 scrolls of silence
Potions
 h - 3 potions of curing
 s - 2 potions of flight
 A - 2 potions of lignification
Miscellaneous
 x - a phantom mirror (inert)
 D - a phial of floods (inert)


   Skills:
 + Level 9.2(10.1) Fighting
 + Level 6.3 Short Blades
 + Level 6.3 Long Blades
 + Level 7.9 Axes
 + Level 6.3 Maces & Flails
 + Level 6.3 Polearms
 + Level 6.3 Staves
 + Level 6.3 Ranged Weapons
 + Level 6.3 Throwing
 + Level 9.2 Armour
 + Level 6.3 Dodging
 + Level 6.3 Stealth
 + Level 9.2 Shields
 + Level 6.3 Unarmed Combat
 + Level 6.3(7.2) Spellcasting
 + Level 5.2 Conjurations
 + Level 5.2 Hexes
 + Level 5.2 Summonings
 + Level 5.2 Necromancy
 + Level 5.2 Translocations
 + Level 5.2(6.0) Transmutations
 + Level 5.2 Fire Magic
 + Level 5.2 Ice Magic
 + Level 5.2 Air Magic
 + Level 5.2 Earth Magic
 + Level 5.2(6.0) Poison Magic
 + Level 6.9 Invocations
 + Level 6.3 Evocations


You had 24 spell levels left.
You didn't know any spells.
Your spell library contained the following spells:

 Spells                   Type           Power      Damage    Failure   Level
 Magic Dart               Conj           44%        1d5       3%          1
 Slow                     Hex            44%        N/A       3%          1
 Searing Ray              Conj           22%        2d5       4%          2
 Confusing Touch          Hex            11%        N/A       9%          3
 Stone Arrow              Conj/Erth      22%        3d8       9%          3
 Vampiric Draining        Necr           11%        2d6       9%          3
 Animate Armour           Summ/Erth      22%        N/A       30%         4
 Fulminant Prism          Conj/Hex       5%         3d7       30%         4
 Lehudib's Crystal Spear  Conj/Erth      5%         10d3      100%        8


Dungeon Overview and Level Annotations

Branches:
Dungeon (10/15)            Temple (1/1) D:4
   Lair: D:8-11         Orc: D:9-12

Altars:
Ashenzari
Cheibriados
Dithmenos
Elyvilon
Fedhas
Gozag
Hepliaklqana
Kikubaaqudgha
Makhleb
Nemelex Xobeh
Okawaru
Qazlal
Ru
Sif Muna
Trog
Uskayaw
Vehumet
Wu Jian
Xom
Yredelemnul
Zin
The Shining One

Shops:
D:3 [(:([   D:8 (   D:9 !


Innate Abilities, Weirdness & Mutations

You are a tree.
Your roots penetrate the ground, keeping you stationary.
You cannot be teleported.
You are immune to unholy pain and torment.
Your maximum health is greatly increased.
Your equipment is partially melded.
((You have very sharp teeth.))
Your uncanny sense of smell can sniff out nearby items.
Your experience applies equally to all skills.
You have an increased reservoir of magic. (+10% MP)
Your natural rate of healing is unusually fast.


Message History

You cannot move.
You cannot move.
You cannot move.
You cannot move.
You cannot move.
You cannot move.
You cannot move.
You cannot move.
You cannot move.
You cannot move.
You cannot move.
You feel better. Something hits you but does no damage.
Something bites you but does no damage.
You cannot move.
You cannot move.
You cannot move.
You are too injured to fight recklessly!
You cannot teleport because you are held in place by your roots.
You cannot move.
You cannot move.
You cannot move.
Something hits you but does no damage. Something bites you.
* * * LOW HITPOINT WARNING * * *
Something draws strength from your injuries!
Something hits you but does no damage. Something bites you.
* * * LOW HITPOINT WARNING * * *
Something draws strength from your injuries!
Something hits you but does no damage. Something bites you but does no damage.
Something hits you.
* * * LOW HITPOINT WARNING * * *
Something bites you.
* * * LOW HITPOINT WARNING * * *
Something draws strength from your injuries!
Something hits you!
* * * LOW HITPOINT WARNING * * *
Something bites you but does no damage.
You feel better. Something hits you.
* * * LOW HITPOINT WARNING * * *
Something bites you!
You die...

#.........# ##'#######
##'###########........# #.#
#...######.#
#.#########†########+##
###.#.......#.###........
#####.....#####.....#........
+.....#####...#####..........
#####.'.....{.....+.+........
#.#####.♣.#####.#...<.... #..
##### ..#<....... #.#
##########+# #.. ### ∆


There were no monsters in sight!

Vanquished Creatures
  A two-headed ogre (D:9)
  Pikel (D:6)
  A manticore (D:9)
  A cane toad (shapeshifter) (D:9)
  A troll (D:9)
  Grinder (D:6)
  A slime creature (D:9)
  Sigmund (D:4)
  A vampire (D:9)
  Eustachio (D:5)
  15 yaks
  Edmund (D:6)
  2 water moccasins
  2 sky beasts
  An ice beast (D:9)
  An orc warrior (D:8)
  3 black bears
  A kobold brigand (D:9)
  A gnoll sergeant (D:8)
  A necrophage (D:7)
  3 bullfrogs
  A scorpion (D:4)
  9 wights
  12 killer bees (D:8)
  2 howler monkeys (D:9)
  3 orc priests
  4 hounds
  Terence (D:2)
  4 iguanas
  4 orc wizards
  5 adders
  3 gnolls (D:8)
  A white imp (D:6)
  2 dart slugs
  A worm (D:4)
  21 orcs
  5 ball pythons
  4 bats
  8 endoplasms
  3 giant cockroaches (D:1)
  3 goblins
  10 hobgoblins
  7 jackals
  3 quokkas
  A frilled lizard (D:3)
  11 kobolds
  9 rats
178 creatures vanquished.

Notes
Turn   | Place    | Note
-------+----------+-------------------------------------------
     0 | D:1      | Avanven the Gnoll Fighter began the quest for the Orb.
     0 | D:1      | Reached XP level 1. HP: 23/23 MP: 1/1
   137 | D:1      | Reached XP level 2. HP: 17/29 MP: 2/2
   470 | D:1      | Reached XP level 3. HP: 35/35 MP: 3/3
   858 | D:1      | Reached skill level 1 in Invocations
  1073 | D:2      | Noticed Terence
  1079 | D:2      | Killed Terence
  1080 | D:2      | Reached skill level 1 in Short Blades
  1080 | D:2      | Reached skill level 1 in Long Blades
  1080 | D:2      | Reached skill level 1 in Maces & Flails
  1080 | D:2      | Reached skill level 1 in Polearms
  1080 | D:2      | Reached skill level 1 in Staves
  1080 | D:2      | Reached skill level 1 in Ranged Weapons
  1080 | D:2      | Reached skill level 1 in Throwing
  1080 | D:2      | Reached skill level 1 in Dodging
  1080 | D:2      | Reached skill level 1 in Stealth
  1080 | D:2      | Reached skill level 1 in Unarmed Combat
  1080 | D:2      | Reached skill level 1 in Spellcasting
  1080 | D:2      | Reached skill level 1 in Evocations
  1080 | D:2      | Reached XP level 4. HP: 36/41 MP: 5/5
  1595 | D:2      | Found a faded altar of an unknown god.
  1660 | D:2      | Reached skill level 1 in Conjurations
  1660 | D:2      | Reached skill level 1 in Hexes
  1660 | D:2      | Reached skill level 1 in Summonings
  1660 | D:2      | Reached skill level 1 in Necromancy
  1660 | D:2      | Reached skill level 1 in Translocations
  1660 | D:2      | Reached skill level 1 in Transmutations
  1660 | D:2      | Reached skill level 1 in Fire Magic
  1660 | D:2      | Reached skill level 1 in Ice Magic
  1660 | D:2      | Reached skill level 1 in Air Magic
  1660 | D:2      | Reached skill level 1 in Earth Magic
  1660 | D:2      | Reached skill level 1 in Poison Magic
  2051 | D:3      | Found Lasmowos's Weapon Shoppe.
  2074 | D:3      | Found Juaseroz's Armour Boutique.
  2076 | D:3      | Found a snail-covered altar of Cheibriados.
  2089 | D:3      | Identified the +1 ring mail of Myitt {rN++ Str+3}
  2208 | D:3      | Found a glowing silver altar of Zin.
  2236 | D:3      | Found Moapril's Weapon Shoppe.
  2302 | D:3      | Found Aming's Antique Armour Emporium.
  2402 | D:3      | Reached XP level 5. HP: 47/47 MP: 7/7
  2617 | D:3      | Found Osaulyk's Book Shoppe.
  2661 | D:3      | Found an ornate altar of the Wu Jian Council.
  2773 | D:4      | You fall into a shaft and drop 3 floors!
  3012 | D:6      | Noticed a black bear
  3019 | D:6      | Gained mutation: You are occasionally teleported next to
                  | monsters. [potion of mutation]
  3019 | D:6      | Gained mutation: You have a pair of small horns on your
                  | head. [potion of mutation]
  3025 | D:6      | Reached skill level 5 in Axes
  3025 | D:6      | Reached XP level 6. HP: 40/53 MP: 8/8
  3026 | D:6      | Killed a black bear
  3076 | D:6      | Lost mutation: You have a pair of small horns on your head.
                  | [potion of mutation]
  3076 | D:6      | Lost mutation: You are occasionally teleported next to
                  | monsters. [potion of mutation]
  3076 | D:6      | Gained mutation: Your natural rate of healing is unusually
                  | fast. [potion of mutation]
  3076 | D:6      | Gained mutation: You have an increased reservoir of magic.
                  | (+10% MP) [potion of mutation]
  3098 | D:6      | Noticed Edmund
  3113 | D:6      | Noticed Grinder
  3132 | D:6      | Noticed a sky beast
  3147 | D:6      | Killed a sky beast
  3148 | D:6      | Reached XP level 7. HP: 40/60 MP: 11/11
  3184 | D:6      | Found a blossoming altar of Fedhas.
  3244 | D:6      | Noticed Pikel
  3271 | D:6      | Killed Pikel
  3272 | D:6      | Reached XP level 8. HP: 36/67 MP: 11/13
  3386 | D:6      | Paralysed by Grinder for 4 turns
  3391 | D:6      | Paralysed by Grinder for 2 turns
  3406 | D:6      | Killed Grinder
  3564 | D:5      | Entered Level 5 of the Dungeon
  3565 | D:5      | Found a broken altar of Ashenzari.
  3579 | D:5      | Became a worshipper of Ashenzari the Shackled
  3631 | D:5      | Found a radiant altar of Vehumet.
  3635 | D:5      | Found an ancient bone altar of Kikubaaqudgha.
  3636 | D:5      | Found a shimmering blue altar of Sif Muna.
  3871 | D:5      | Found a hazy altar of Hepliaklqana.
  4034 | D:4      | Identified a scroll of acquirement
  4034 | D:4      | Acquired the +3 pair of mountain boots {steadfast, rC+}
  4034 | D:4      | Found the +3 pair of mountain boots {steadfast, rC+}
  4078 | D:4      | Found a staircase to the Ecumenical Temple.
  4131 | Temple   | Entered the Ecumenical Temple
  4602 | D:4      | Found a shimmering altar of Xom.
  4652 | D:4      | Noticed Sigmund
  4662 | D:4      | Killed Sigmund
  4922 | D:4      | Reached XP level 9. HP: 66/74 MP: 15/17
  5036 | D:4      | Found a sparkling altar of Nemelex Xobeh.
  5181 | D:5      | Noticed Eustachio
  5221 | D:5      | Killed Eustachio
  5357 | D:5      | Identified the amulet of the Rose {Acrobat +Inv rPois Will-
                  | Regen+}
  5502 | D:6      | Killed Edmund
  5660 | D:7      | Reached skill level 5 in Invocations
  6568 | D:8      | Reached skill level 5 in Short Blades
  6568 | D:8      | Reached skill level 5 in Long Blades
  6568 | D:8      | Reached skill level 5 in Maces & Flails
  6568 | D:8      | Reached skill level 5 in Polearms
  6568 | D:8      | Reached skill level 5 in Staves
  6568 | D:8      | Reached skill level 5 in Ranged Weapons
  6568 | D:8      | Reached skill level 5 in Throwing
  6568 | D:8      | Reached skill level 5 in Dodging
  6568 | D:8      | Reached skill level 5 in Stealth
  6568 | D:8      | Reached skill level 5 in Unarmed Combat
  6568 | D:8      | Reached skill level 5 in Spellcasting
  6568 | D:8      | Reached skill level 5 in Evocations
  6568 | D:8      | Reached XP level 10. HP: 39/82 MP: 19/19
  6667 | D:8      | Found Punt's Antique Weapon Shoppe.
  6888 | D:3      | Bought a +2 cloak of stealth for 215 gold pieces
  7129 | D:8      | Noticed a death yak
  7164 | D:8      | Noticed a death yak
  7305 | D:8      | Reached * piety under Ashenzari
  7590 | D:9      | Found Usediwn's Distillery.
  7591 | D:9      | Identified Vehumet's Secrets of the Salvo (You found it on
                  | level 5 of the Dungeon)
  7687 | D:9      | Noticed a boulder beetle
  7689 | D:9      | Noticed a manticore
  7689 | D:9      | a boulder beetle changed into a manticore
  7693 | D:9      | Noticed a two-headed ogre
  7717 | D:9      | Killed a manticore
  7740 | D:9      | Killed a two-headed ogre
  7874 | D:9      | Noticed a cane toad
  7874 | D:9      | a culicivora changed into a cane toad
  7876 | D:9      | Killed a cane toad
  8088 | D:9      | Found a shadowy altar of Dithmenos.
  8282 | D:9      | Reached skill level 5 in Conjurations
  8282 | D:9      | Reached skill level 5 in Hexes
  8282 | D:9      | Reached skill level 5 in Summonings
  8282 | D:9      | Reached skill level 5 in Necromancy
  8282 | D:9      | Reached skill level 5 in Translocations
  8282 | D:9      | Reached skill level 5 in Transmutations
  8282 | D:9      | Reached skill level 5 in Fire Magic
  8282 | D:9      | Reached skill level 5 in Ice Magic
  8282 | D:9      | Reached skill level 5 in Air Magic
  8282 | D:9      | Reached skill level 5 in Earth Magic
  8282 | D:9      | Reached skill level 5 in Poison Magic
  8282 | D:9      | Reached XP level 11. HP: 92/92 MP: 24/24
  8502 | D:10     | Entered Level 10 of the Dungeon
  8657 | D:10     | Found an iron altar of Okawaru.
  8699 | D:10     | HP: 1/135 [something (7)]
  8700 | D:10     | Slain by a vampire

Illustrated notes

Levels and vault maps discovered:
D:1:      heliophobic_arrival_enchanted_forest, layout_loops_cross
D:2:      layout_loops_ring, dreamdust_ecumenical_altar_angels_and_demons,
          uniq_terence
D:3:      layout_rooms, nicolae_wu_jian_immortal_techniques,
          lemuel_crystal_altar, mainiacjoe_overflow_concentric_impassable,
          serial_shops, shop, nicolae_shop_statue_plus,
          nicolae_shop_bloodbath_and_beyond, shop, nicolae_shop_hallway_plus,
          grunt_ministairs_2, kennysheep_cluttered_room,
          kennysheep_small_spiral, minmay_liquid_box,
          minmay_misc_feat_more_columns
D:4:      layout_basic, nemelex_dance_club_becter, xom_teletrap_fun,
          temple_hall, minmay_misc_feat_rows, uniq_sigmund
D:5:      layout_basic, grunt_temple_overflow_magic_moments,
          nzn_hepliaklqana_mist_gate, cheibrodos_ashenzari_chains,
          uniq_eustachio
D:6:      layout_basic, mainiacjoe_overflow_alcove_1, uniq_grinder, uniq_edmund,
          uniq_pikel
D:7:      layout_basic
D:8:      layout_cave_pods, dpeg_lair_monsters, serial_shops, shop_fountains
D:9:      minmay_blocky_corners, layout_rooms, lemuel_tele_altar, serial_shops,
          nicolae_inconvenience_store
D:10:     layout_roguey, mainiacjoe_overflow_surrounded_room,
          minmay_misc_feat_five, nicolae_shop_sticking_my_neck_out, uniq_psyche
Temple:   hellmonk_temple_forest_ring

Skill      XL: |  1  2  3  4  5  6  7  8  9 10 |
---------------+-------------------------------+-----
Invocations    | 1 2 3 4 5 6 |  6.9
Short Blades   | 1 2 3 4 5 6 |  6.3
Long Blades    | 1 2 3 4 5 6 |  6.3
Maces & Flails | 1 2 3 4 5 6 |  6.3
Polearms       | 1 2 3 4 5 6 |  6.3
Staves         | 1 2 3 4 5 6 |  6.3
Ranged Weapons | 1 2 3 4 5 6 |  6.3
Throwing       | 1 2 3 4 5 6 |  6.3
Dodging        | 1 2 3 4 5 6 |  6.3
Stealth        | 1 2 3 4 5 6 |  6.3
Unarmed Combat | 1 2 3 4 5 6 |  6.3
Spellcasting   | 1 2 3 4 5 6 |  6.3
Evocations     | 1 2 3 4 5 6 |  6.3
Conjurations   | 1 2 3 4 5 |  5.2
Hexes          | 1 2 3 4 5 |  5.2
Summonings     | 1 2 3 4 5 |  5.2
Necromancy     | 1 2 3 4 5 |  5.2
Translocations | 1 2 3 4 5 |  5.2
Transmutations | 1 2 3 4 5 |  5.2
Fire Magic     | 1 2 3 4 5 |  5.2
Ice Magic      | 1 2 3 4 5 |  5.2
Air Magic      | 1 2 3 4 5 |  5.2
Earth Magic    | 1 2 3 4 5 |  5.2
Poison Magic   | 1 2 3 4 5 |  5.2
Axes           | 5 6 7 |  7.9
Fighting       | 7 8 9 |  9.2
Armour         | 7 8 9 |  9.2
Shields        | 7 8 9 |  9.2

Action                   |  1- 3 |  4- 6 |  7- 9 | 10-12 || total
-------------------------+-------+-------+-------+-------++-------
Melee: War axe           |    87 |   107 |   380 |   240 ||   814
       Bite              |     6 |    12 |    46 |    36 ||   100
       Headbutt          |       |     2 |       |       ||     2
Throw: Throwing net      |       |       |       |     3 ||     3
Invok: Curse Item        |       |       |     1 |     1 ||     2
Evoke: Wand              |       |       |       |    23 ||    23
       Phial of floods   |       |       |       |     1 ||     1
       Phantom mirror    |       |       |       |     1 ||     1
  Use: Potion            |     1 |     2 |     5 |     5 ||    13
       Scroll            |       |     3 |    12 |     1 ||    16
 Stab: Sleeping          |       |       |     5 |       ||     5
       Held in net/web   |       |       |       |     4 ||     4
Armor: Scale mail        |    41 |    26 |       |       ||    67
       Ring mail         |       |    29 |   195 |   139 ||   363
       Skin              |       |       |       |     8 ||     8
Dodge: Dodged            |    22 |    52 |   247 |   104 ||   425
Block: Buckler           |    25 |    24 |   143 |    73 ||   265
